 Dungeon Crawl Stone Soup version 0.31-a0-844-gdc52ec4e09 (webtiles) character file.

Game seed: 4379952065416675257

66 pokeman the Magician (level 3, -2/20 HPs)
             Began as a Deep Elf Hedge Wizard on Sept 30, 2023.
             Slain by an orc wizard
             ... wielding a +0 dagger
              (4 damage)
             ... on level 3 of the Dungeon.
             The game lasted 00:05:42 (2802 turns).

pokeman the Magician (Deep Elf Hedge Wizard)        Turns: 2802, Time: 00:05:43

Health: -2/20      AC:  2    Str:  7    XL:     3   Next: 96%
Magic:  2/11       EV: 12    Int: 20    God:
Gold:   72         SH:  0    Dex: 14    Spells: 4/12 levels left

rFire   . . .        a - +0 dagger
rCold   . . .        (no shield)
rNeg    . . .        b - +0 robe
rPois   .            c - +0 hat
rElec   .            (no cloak)
rCorr   .            (no gloves)
SInv    .            (no boots)
Will    .....        (no amulet)
Stlth   ++           (no ring)
HPRegen 0.23/turn    (no ring)
MPRegen 0.12/turn

%: no passive effects
@: no status effects
A: no striking features
a: no special abilities


You were on level 3 of the Dungeon.
You visited 1 branch of the dungeon, and saw 3 of its levels.

You collected 72 gold pieces.

Inventory:

Hand Weapons
 a - a +0 dagger (weapon)
Armour
 b - a +0 robe (worn)
 c - a +0 hat (worn)
 q - an orb of energy
Magical Staves
 r - a staff of fire
Scrolls
 e - 2 scrolls of revelation {unknown}
 f - a scroll of teleportation {unknown}
 g - a scroll of brand weapon {unknown}
 i - 3 scrolls of immolation {unknown}
 j - 2 scrolls of fog {unknown}
 m - a scroll of silence {unknown}
 n - a scroll of torment {unknown}
 p - 2 scrolls of identify {unknown}
 t - a scroll of vulnerability {unknown}
 u - a scroll of fear {unknown}
 v - a scroll of blinking {unknown}
Potions
 d - a potion of magic
 h - 2 potions of curing {unknown}
 k - a potion of mutation {unknown}
 l - a potion of enlightenment {unknown}
 o - a potion of haste {unknown}
 s - a potion of attraction {unknown}
 w - a potion of heal wounds {unknown}


   Skills:
 - Level 1.0 Fighting
 - Level 1.0 Armour
 + Level 2.5 Dodging
 + Level 2.6 Stealth
 * Level 5.4 Spellcasting
 + Level 2.0 Conjurations
 - Level 1.1 Summonings
 - Level 1.1 Translocations


You had 4 spell levels left.
You knew the following spells:

 Your Spells              Type           Power      Damage    Failure   Level
a - Magic Dart            Conj           52%        1d5       4%          1
b - Mephitic Cloud        Conj/Pois/Air  8%         N/A       26%         3
c - Call Imp              Summ           18%        N/A       11%         2
d - Blink                 Tloc           18%        N/A       11%         2

Your spell library contained the following spells:

 Spells                   Type           Power      Damage    Failure   Level
 Slow                     Hex            20%        N/A       11%         1
 Cigotuvi's Dreadful Rot  Necr/Pois/Air  10%        N/A       17%         2
 Ensorcelled Hibernation  Hex/Ice        10%        N/A       17%         2
 Passwall                 Tmut/Erth      4%         N/A       17%         2
 Confusing Touch          Hex            5%         N/A       32%         3
 Sigil of Binding         Hex            5%         N/A       32%         3
 Swiftness                Air            5%         N/A       32%         3
 Vampiric Draining        Necr           5%         2d6       32%         3


Dungeon Overview and Level Annotations

Branches:
Dungeon (3/15)

Altars:
Nemelex Xobeh
Xom

Shops:
D:1 :


Message History

You hit the orc.
The orc is lightly wounded.
You catch the helpless orc completely off-guard!
You hit the orc.
The orc is almost dead.
Casting: Magic Dart (safe; 4% risk of failure)
Confirm with . or Enter, or press ? or * to list all spells.
Aiming: Magic Dart (safe; 4% risk of failure)
Press: ? - help, Shift-Dir - straight line, f/p - orc
Aim: an orc, wielding a +1 heavy trident and wearing a +0 chain mail (almost dead, confused, 100% to hit)
The magic dart hits the orc but does no damage.
The orc is almost dead.
The orc wizard seems less confused.
The orc wizard hits you with a +0 dagger.
Casting: Magic Dart (safe; 4% risk of failure)
Confirm with . or Enter, or press ? or * to list all spells.
Aiming: Magic Dart (safe; 4% risk of failure)
Press: ? - help, Shift-Dir - straight line, f/p - orc
Aim: an orc, wielding a +1 heavy trident and wearing a +0 chain mail (almost dead, confused, 100% to hit)
Okay, then.
Unknown command.
Unknown command.
You hit the orc but do no damage.
The orc is almost dead.
The orc wizard hits you with a +0 dagger.
The orc hits you with a +1 heavy trident!
Ouch! That really hurt!
* * * LOW HITPOINT WARNING * * *
Your magical contamination has completely faded away.
You hit the orc but do no damage.
The orc is almost dead.
The orc wizard hits you with a +0 dagger.
* * * LOW HITPOINT WARNING * * *
Unknown command.
Casting: Magic Dart (safe; 4% risk of failure)
Confirm with . or Enter, or press ? or * to list all spells.
You don't have enough magic to cast this spell.
The orc wizard attacks as it pursues you!
The orc wizard hits you with a +0 dagger.
You die...

#.######.......# #.......#
#.......# # #.......# ...
.######.....## #.#
.......o....###..##
#............
#######.o.....#..#.
#......@r.....#.##.###
###.######........##...#
#...#### ##...#......#.
#.#....# #####.####...##
##.#...>#######..#####...##
##..#.......................
#..##....######..########.>.
###.###....######.## ###.
#...# #.......#...# ##.


You could see an orc wizard, an orc (confused) and a rat.

Vanquished Creatures
  A worm (D:2)
  2 dart slugs (D:1)
  An orc (D:2)
  4 ball pythons
  5 bats
  3 endoplasms
  2 giant cockroaches
  8 goblins
  5 hobgoblins
  6 jackals
  6 kobolds
  2 quokkas (D:1)
  4 frilled lizards
  3 rats
52 creatures vanquished.

Notes
Turn   | Place    | Note
-------+----------+-------------------------------------------
     0 | D:1      | pokeman the Deep Elf Hedge Wizard began the quest for the
                  | Orb.
     0 | D:1      | Reached XP level 1. HP: 10/10 MP: 7/7
   206 | D:1      | Reached XP level 2. HP: 15/15 MP: 7/9
   381 | D:1      | Found Qaren's Book Emporium.
   638 | D:1      | Reached skill level 5 in Spellcasting
   784 | D:1      | Reached XP level 3. HP: 20/20 MP: 4/11
   788 | D:1      | Learned a level 3 spell: Mephitic Cloud
   791 | D:1      | Learned a level 2 spell: Call Imp
   794 | D:1      | Learned a level 2 spell: Blink
  1312 | D:2      | Found a faded altar of an unknown god.
  1500 | D:2      | Reached skill level 1 in Armour
  1597 | D:2      | Reached skill level 1 in Fighting
  2195 | D:3      | Found a sparkling altar of Nemelex Xobeh.
  2199 | D:3      | Found a shimmering altar of Xom.
  2802 | D:3      | Slain by an orc wizard

Illustrated notes

Levels and vault maps discovered:
D:1:      minmay_arrival_jagged, layout_basic, serial_shops, nicolae_shop_stone
D:2:      layout_loops_cross, ebering_ecumenical_altar_rust, kennysheep_nub
D:3:      layout_rooms, grunt_temple_overflow_open, serial_shops, shop

Skill      XL: |  1  2  3 |
---------------+----------+-----
Spellcasting   | 5 |  5.4
Armour         | 1 |  1.0
Fighting       | 1 |  1.0
Conjurations   | 2 |  2.0
Dodging        | |  2.5
Stealth        | |  2.6
Summonings     | |  1.1
Translocations | |  1.1

Action                     || total
---------------------------++-------
  Melee: Dagger            ||    23
   Cast: Magic Dart        ||   153
         Mephitic Cloud    ||     3
         Call Imp          ||     2
         Blink             ||     1
   Stab: Distracted        ||     1
         Confused          ||     1
 Armour: Robe              ||    38
  Dodge: Dodged            ||    42

Table legend: (Time is in decaauts)
 A = Elapsed time spent in this place.
 B = Non-inter-level travel time spent in this place.
 C = Inter-level travel time spent in this place.
 D = Time resting spent in this place.
 E = Time spent auto-exploring this place.
 F = Levels seen in this place.
 G = Mean time per level.
                   A        B        C        D        E       F      G
               +--------+--------+--------+--------+--------+-----+--------+
         Total |   2803 |   2749 |     54 |    220 |   2100 |   3 |  934.3 |
       Dungeon |   2803 |   2749 |     54 |    220 |   2100 |   3 |  934.3 |
               +--------+--------+--------+--------+--------+-----+--------+

Top non-repeatable levels by time:
     D:1: 1312 daAuts
     D:2: 1063 daAuts
     D:3: 428 daAuts
